Map: 2000 Atmospheres LE

Players

maru - Winner!

  • Race: Terran Terran

LiquidClem (Clem)

  • Race: Terran Terran

Event: ASUS ROG Fall 2021

VOD

Have the link to the VOD?

Description

Time

  • Played on: Sept. 17, 2021, 1:20 p.m.
  • Length: 21:46

All games in this series

Show
View Real Time Build Order
Export as new Build Order

maru Terran - Winner!

Build Orders:  

Get SALT Encoding   

  12  0:00  SCV  
  13  0:12  SCV  
  14  0:17  Supply Depot  
  14  0:24  SCV  
  15  0:38  SCV  
  15  0:39  Barracks  
  16  0:43  Refinery  
  16  0:51  SCV  
  16  0:52  Refinery  
  17  1:03  SCV  
  18  1:15  SCV  
  19  1:27  Reaper, Orbital Command  
  19  1:28  Supply Depot  
  20  1:41  Factory  
  20  1:52  SCV  
  21  1:59  Barracks Reactor  
  21  2:05  SCV  
  22  2:15  Command Center  
  22  2:18  SCV  
  23  2:25  Hellion  
  25  2:30  SCV  
  25  2:35  Reaper  
  25  2:36  Reaper  
  28  2:38  Supply Depot  
  28  2:43  SCV  
  29  2:46  Hellion  
  31  2:54  Starport  
  31  2:59  SCV  
  32  3:08  Reaper x2  
  32  3:09  Hellion  
  36  3:18  SCV  
  37  3:22  Refinery  
  37  3:27  Orbital Command  
  37  3:30  SCV  
  37  3:31  Factory Tech Lab  
  37  3:33  Starport Tech Lab  
  38  3:39  Marine x2  
  40  3:43  SCV  
  41  3:51  Cyclone  
  41  3:54  SCV  
  41  3:55  SCV  
  46  4:02  Supply Depot, Raven  
  44  4:06  SCV  
  44  4:07  SCV  
  39  4:18  SCV  
  39  4:19  Marine x2, SCV  
  39  4:23  Siege Tank  
  46  4:24  Supply Depot  
  46  4:31  SCV x2  
  48  4:39  Marine x2  
  48  4:43  SCV  
  48  4:45  Raven  
  53  4:47  SCV  
  54  4:55  SCV, Command Center  
  54  4:58  Siege Tank  
  54  4:59  SCV  
  59  5:03  Refinery  
  59  5:05  Supply Depot  
  59  5:08  Marine  
  59  5:09  Marine  
  59  5:10  SCV  
  59  5:11  SCV  
  63  5:19  Supply Depot  
  63  5:23  SCV x2  
  64  5:30  Siege Tank  
  64  5:35  SCV  
  67  5:36  SCV  
  67  5:40  Supply Depot  
  67  5:41  Marine, Viking x2, Stimpack  
  73  5:49  SCV x2  
  75  6:01  SCV  
  75  6:04  SCV  
  77  6:06  Siege Tank  
  77  6:10  Orbital Command  
  77  6:11  Viking x2, Barracks  
  84  6:12  Barracks  
  84  6:16  SCV  
  85  6:23  SCV  
  85  6:25  Engineering Bay  
  86  6:26  Engineering Bay  
  86  6:28  Marine, SCV  
  88  6:35  Orbital Command  
  88  6:37  SCV  
  88  6:38  Siege Tank  
  91  6:41  Viking x2  
  91  6:44  SCV  
  96  6:49  SCV  
  96  6:55  Marine  
  96  6:56  SCV  
  96  6:59  Terran Infantry Armor Level 1, Barracks Reactor x2, Terran Infantry Weapons Level 1  
  98  7:01  SCV x2  
  100  7:09  SCV  
  100  7:10  Supply Depot  
  100  7:13  Sensor Tower, SCV x2  
  103  7:21  SCV  
  103  7:25  SCV x2  
  82  7:33  SCV  
  79  7:38  Marine x2, SCV x2  
  82  7:45  Viking x2, SCV  
  82  7:50  SCV x2  
  85  7:53  Marine x3, Siege Tank  
  85  7:56  Marine  
  85  7:57  SCV  
  85  7:58  Marine  
  94  8:02  SCV x2  
  94  8:05  Combat Shield  
  96  8:09  SCV  
  96  8:10  Marine  
  98  8:14  SCV x2, Medivac  
  98  8:15  Medivac  
  98  8:18  Missile Turret  
  98  8:19  Missile Turret  
  104  8:20  Supply Depot  
  104  8:21  Marine x4, SCV  
  104  8:26  SCV x2  
  111  8:27  Refinery  
  111  8:28  Refinery, Marine  
  111  8:32  Armory  
  111  8:33  SCV  
  113  8:37  Siege Tank  
  113  8:38  SCV  
  117  8:42  SCV  
  117  8:45  Supply Depot, SCV  
  117  8:46  Supply Depot  
  117  8:47  Marine x4  
  123  8:51  Barracks  
  123  8:52  Marine, Barracks  
  124  8:58  SCV  
  125  9:07  Marine x3  
  124  9:11  Command Center  
  124  9:12  Marine x2  
  121  9:22  Medivac x2  
  107  9:24  Marine x3  
  107  9:25  Siege Tank  
  107  9:30  Marine x2  
  115  9:32  Terran Infantry Weapons Level 2  
  115  9:34  Terran Infantry Armor Level 2  
  115  9:37  SCV  
  116  9:39  SCV x2  
  116  9:41  Barracks Reactor x2  
  116  9:42  Marine x3  
  121  9:48  Marine  
  121  9:49  SCV  
  121  9:51  SCV x2  
  121  9:52  Viking x2  
  128  9:57  Terran Vehicle Weapons Level 1  
  128  10:00  Marine x3  
  128  10:01  SCV  
  128  10:06  Marine  
  135  10:07  Siege Tank  
  135  10:08  Factory  
  135  10:09  SCV x2  
  135  10:12  Sensor Tower  
  137  10:15  Barracks Reactor  
  137  10:17  SCV  
  137  10:18  Marine x2  
  137  10:20  Marine, Supply Depot  
  141  10:22  Marine x4, SCV  
  141  10:24  Planetary Fortress  
  146  10:32  Marine, Viking x2  
  151  10:36  Marine x2  
  151  10:38  Marine  
  151  10:41  Supply Depot  
  151  10:42  Sensor Tower  
  154  10:54  Marine x2  
  154  10:56  Marine, Siege Tank x2, Starport  
  154  10:57  Marine  
  163  10:58  Starport  
  163  11:01  Supply Depot  
  163  11:02  Marine x2  
  166  11:06  SCV  
  166  11:11  Marine x2  
  165  11:13  Marine x2  
  165  11:14  Marine x3  
  165  11:22  Viking x2  
  169  11:28  Siege Tank x2  
  172  11:32  Supply Depot  
  172  11:33  Command Center  
  172  11:38  Marine x2  
  173  11:41  Marine x2  
  173  11:42  Marine x4  
  169  11:54  Terran Vehicle Weapons Level 2, Starport Tech Lab x2  
  163  11:56  Marine  
  163  11:57  Marine x3  
  163  11:59  Marine  
  163  12:00  Siege Tank  
  171  12:01  Viking x2  
  171  12:05  Refinery, Supply Depot  
  175  12:10  Marine  
  175  12:11  Marine x3  
  178  12:17  Siege Tank  
  178  12:19  Viking x2  
  183  12:28  Marine  
  183  12:29  Marine  
  180  12:31  Viking  
  180  12:33  Siege Tank  
  180  12:38  Marine x4  
  180  12:40  Refinery  
  184  12:46  Marine x2  
  184  12:48  Marine  
  184  12:49  Marine x3  
  180  12:53  Siege Tank  
  180  12:55  Marine  
  180  12:56  Marine x3  
  168  13:04  Marine x2  
  168  13:05  Siege Tank  
  164  13:06  Marine  
  164  13:07  Marine x3  
  149  13:13  Marine x2, Raven x2  
  149  13:14  Marine  
  149  13:17  Marine  
  149  13:22  Marine x2  
  149  13:24  Marine  
  149  13:26  Siege Tank  
  149  13:27  Marine x3  
  151  13:29  Liberator  
  151  13:31  Marine x2  
  151  13:32  Orbital Command  
  159  13:37  Marine, Siege Tank  
  159  13:38  Marine  
  159  13:39  Marine  
  159  13:40  Marine, Supply Depot, Terran Infantry Weapons Level 3  
  166  13:42  Marine  
  166  13:44  Marine  
  166  13:48  Marine x2  
  168  13:49  Marine x2  
  168  13:55  Marine x2, Corvid Reactor  
  172  13:57  Marine  
  172  14:02  Viking  
  171  14:10  Marine x3  
  171  14:11  Marine x3  
  172  14:27  Siege Tank  
  165  14:33  Marine x4  
  161  14:41  Marine  
  161  14:44  Marine  
  154  14:46  Marine x2, Siege Tank  
  154  14:47  Marine x2  
  154  14:48  Viking, Raven  
  154  14:52  Marine  
  145  14:56  SCV x3  
  145  14:58  Orbital Command  
  145  14:59  Marine x3, Siege Tank  
  135  15:18  Siege Tank  
  135  15:19  Raven  
  140  15:21  Marine x2  
  140  15:22  Marine  
  140  15:23  Marine x2  
  142  15:31  Raven, Siege Tank  
  142  15:32  Marine  
  142  15:33  Marine  
  149  15:40  Viking  
  149  15:42  Refinery  
  151  15:43  Refinery  
  149  15:51  Siege Tank  
  149  15:53  Marine x7  
  154  16:04  Orbital Command, Siege Tank  
  157  16:10  Marine x3  
  157  16:11  Marine x7  
  167  16:23  Siege Tank  
  170  16:28  Marine x2, Raven  
  174  16:33  Marine x5  
  179  16:41  Refinery, Sensor Tower  
  179  16:42  Marine x3, Refinery  
  179  16:45  Marine  
  183  16:48  Viking x2  
  187  16:55  Supply Depot  
  187  16:58  Raven  
  189  17:03  Missile Turret  
  189  17:05  Missile Turret  
  189  17:07  SCV x4  
  193  17:09  Missile Turret  
  193  17:19  SCV, Medivac x2  
  193  17:21  Terran Vehicle And Ship Armor Level 1  
  193  17:43  Viking  
  189  17:44  Command Center  
  189  17:50  Sensor Tower  
  189  17:53  Missile Turret  
  186  18:01  Marine  
  186  18:02  Marine  
  186  18:12  Marine x2  
  170  18:13  Raven x2  
  170  18:14  Marine, Viking x2  
  170  18:16  Marine x5  
  170  18:17  Siege Tank  
  170  18:19  Marine x2  
  175  18:21  Terran Infantry Armor Level 3  
  176  18:29  Marine x2  
  176  18:32  Marine  
  168  18:44  Viking x2  
  159  18:52  Marine x3  
  162  18:56  Raven x2  
  162  19:01  Marine  
  167  19:05  Marine  
  167  19:06  Marine x3  
  171  19:13  Marine  
  172  19:18  Marine x4  
  172  19:19  Marine, Siege Tank x2  
  183  19:24  Sensor Tower  
  182  19:32  Medivac x2  
  182  19:34  Orbital Command  
  184  19:39  Medivac  
  173  19:51  Marine x3  
  165  19:55  Marine x2, Raven  
  165  19:56  Marine x2  
  165  19:57  Marine x2  
  166  20:02  Viking x2  
  166  20:05  Marine  
  168  20:08  Marine  
  168  20:09  Marine x2  
  168  20:13  Marine x2  
  173  20:20  SCV x3  
  176  20:25  Viking  
  176  20:32  SCV x2  
  178  20:38  Viking x2  
  178  20:39  SCV  
  183  20:49  Marine x6  
  177  20:50  Siege Tank  
  177  20:52  Marine  
  160  20:57  Marine x2  
  160  21:03  Marine  
  162  21:07  Marine  
  146  21:19  Marine x2  
  146  21:20  Marine x2  
  146  21:21  Marine x2  
  146  21:24  Marine x2  
Show
View Real Time Build Order
Export as new Build Order

LiquidClem Terran 

Build Orders:  

Get SALT Encoding   

  12  0:00  SCV  
  13  0:12  SCV  
  14  0:16  Supply Depot  
  14  0:24  SCV  
  15  0:29  Refinery  
  15  0:38  SCV  
  16  0:43  Barracks  
  16  0:50  SCV  
  16  0:54  Refinery  
  17  1:02  SCV  
  18  1:14  SCV  
  19  1:30  Reaper, Orbital Command  
  20  1:36  Supply Depot  
  20  1:42  Factory  
  20  1:55  SCV  
  21  2:02  Reaper  
  21  2:08  SCV  
  23  2:20  Command Center  
  23  2:26  Hellion  
  23  2:28  SCV  
  26  2:34  Reaper  
  27  2:39  Starport  
  27  2:41  SCV  
  28  2:46  Supply Depot  
  28  2:52  Hellion  
  28  2:55  SCV  
  31  3:08  Barracks Reactor, SCV  
  32  3:14  Factory Tech Lab  
  32  3:17  Refinery, Starport Tech Lab  
  32  3:20  SCV  
  33  3:31  Refinery  
  33  3:32  SCV  
  33  3:33  Cyclone  
  37  3:36  Orbital Command  
  37  3:44  SCV  
  37  3:48  Raven  
  38  3:49  Marine x2  
  38  3:55  Supply Depot  
  42  3:57  SCV  
  42  4:02  SCV  
  44  4:09  SCV  
  41  4:13  Marine  
  41  4:14  SCV  
  41  4:21  SCV  
  41  4:22  Starport  
  42  4:26  SCV  
  42  4:31  Raven  
  43  4:33  SCV  
  43  4:36  Hellion x2  
  50  4:42  SCV  
  50  4:45  Supply Depot, SCV  
  52  4:55  SCV  
  52  4:58  SCV  
  54  5:00  Starport Tech Lab  
  54  5:01  Hellion x2  
  54  5:07  SCV  
  59  5:10  SCV, Supply Depot  
  59  5:14  Raven  
  60  5:19  SCV  
  60  5:20  Raven  
  65  5:22  SCV  
  65  5:25  Supply Depot  
  66  5:31  SCV  
  66  5:35  Marine x2, Siege Tank  
  72  5:36  SCV  
  73  5:43  SCV  
  73  5:47  Command Center  
  73  5:48  SCV  
  75  5:53  Supply Depot  
  75  5:55  SCV  
  76  5:57  Raven  
  76  6:00  SCV  
  76  6:03  Marine x2  
  81  6:05  Raven  
  81  6:07  SCV  
  81  6:08  Supply Depot  
  84  6:13  SCV  
  84  6:17  Siege Tank  
  87  6:19  Barracks  
  87  6:24  Barracks  
  87  6:27  SCV x2  
  89  6:39  Supply Depot, SCV x2  
  91  6:48  Supply Depot  
  91  6:50  Marine  
  91  6:51  Viking x2  
  96  6:56  SCV, Siege Tank  
  96  7:00  Supply Depot  
  99  7:02  Stimpack  
  99  7:09  Orbital Command  
  99  7:12  SCV  
  99  7:14  Barracks Reactor x2  
  100  7:16  Marine  
  100  7:17  SCV  
  98  7:24  SCV  
  98  7:28  Viking  
  98  7:29  Viking, SCV  
  101  7:34  Marine  
  101  7:36  SCV  
  101  7:37  SCV  
  104  7:41  SCV  
  97  7:47  Siege Tank  
  97  7:48  SCV  
  97  7:49  Viking  
  97  7:51  Marine x3  
  93  7:52  Marine, Barracks  
  93  7:53  SCV  
  93  7:54  Barracks  
  93  7:55  Refinery  
  93  7:56  Refinery  
  93  7:57  SCV  
  99  8:00  SCV  
  99  8:02  Engineering Bay  
  99  8:03  Engineering Bay  
  99  8:05  SCV  
  101  8:07  Marine  
  101  8:10  SCV  
  101  8:11  Marine  
  101  8:12  SCV  
  105  8:15  Marine x2  
  105  8:17  SCV, Medivac  
  110  8:22  Siege Tank  
  110  8:23  SCV  
  110  8:24  SCV  
  110  8:27  Marine  
  115  8:28  Terran Infantry Weapons Level 1  
  115  8:30  Terran Infantry Armor Level 1  
  115  8:34  SCV  
  117  8:35  SCV  
  117  8:36  Sensor Tower  
  117  8:38  SCV  
  117  8:39  Marine x2  
  120  8:41  Barracks Reactor  
  120  8:44  Marine  
  120  8:46  Barracks Reactor, SCV  
  122  8:49  Marine  
  122  8:50  Marine  
  122  8:51  SCV  
  122  8:52  Supply Depot  
  122  8:54  Combat Shield  
  125  8:56  Siege Tank  
  125  8:57  Marine  
  125  8:58  Marine  
  130  9:04  Marine  
  129  9:12  Marine  
  129  9:15  Marine, Supply Depot  
  129  9:16  Supply Depot  
  125  9:18  Marine x2  
  125  9:20  Medivac  
  125  9:22  Marine  
  125  9:23  Marine, SCV x2  
  125  9:24  Marine x2  
  121  9:25  Marine  
  121  9:26  Liberator  
  121  9:27  Liberator  
  129  9:31  Marine  
  129  9:33  Armory, Factory  
  130  9:39  Command Center  
  130  9:41  Marine  
  128  9:46  Siege Tank  
  128  9:49  Marine x2  
  128  9:50  Marine, Medivac  
  136  9:56  Supply Depot  
  136  9:57  Marine x3  
  139  10:01  Marine  
  139  10:02  Marine x2  
  139  10:04  Supply Depot  
  142  10:07  Marine, Missile Turret  
  142  10:09  Raven  
  142  10:13  Marine x2  
  147  10:18  Siege Tank  
  150  10:22  Marine x2  
  150  10:23  Terran Infantry Weapons Level 2  
  150  10:24  Marine x2, Terran Infantry Armor Level 2  
  154  10:28  Marine  
  154  10:30  Barracks Reactor  
  154  10:31  Supply Depot  
  154  10:32  Marine x3  
  154  10:33  Supply Depot  
  158  10:37  Siege Tank  
  158  10:39  Marine, SCV  
  158  10:40  Marine  
  158  10:41  Marine x2  
  166  10:46  Marine  
  167  10:50  Marine x3  
  167  10:54  Siege Tank  
  173  10:57  Marine x2, Corvid Reactor  
  173  10:59  Marine x2  
  173  11:03  SCV x2  
  178  11:04  Marine  
  178  11:07  Marine x2, SCV  
  182  11:12  Marine  
  182  11:14  Siege Tank  
  182  11:17  Marine x2  
  173  11:19  Marine  
  173  11:20  Marine x2  
  173  11:24  Marine  
  175  11:27  Siege Tank  
  175  11:30  Planetary Fortress  
  178  11:36  Marine x2  
  178  11:39  Marine  
  178  11:41  SCV x2  
  178  11:42  Marine  
  178  11:43  Marine  
  178  11:45  Marine  
  178  11:46  SCV, Siege Tank  
  177  11:47  Marine  
  177  11:59  Siege Tank  
  177  12:00  Raven  
  182  12:02  Terran Vehicle Weapons Level 1, Starport  
  182  12:04  Viking  
  182  12:05  Viking  
  182  12:06  SCV x2  
  182  12:08  Refinery  
  188  12:09  Refinery  
  188  12:15  Command Center  
  188  12:18  SCV  
  188  12:19  SCV  
  188  12:20  Marine  
  188  12:21  Marine  
  188  12:23  Siege Tank  
  188  12:27  Marine  
  189  12:33  Marine  
  189  12:35  Marine, Siege Tank  
  189  12:37  Marine x2  
  180  12:55  Siege Tank  
  180  12:57  Viking  
  180  12:58  Marine x2  
  178  12:59  Marine  
  178  13:00  Marine  
  178  13:02  Marine x4  
  178  13:04  Marine x2  
  177  13:07  Siege Tank  
  174  13:16  Marine, SCV  
  174  13:17  Marine  
  174  13:19  Marine  
  171  13:25  Viking x2  
  171  13:26  Raven  
  174  13:27  Siege Tank  
  174  13:32  Marine  
  174  13:33  Marine, Command Center  
  179  13:34  Viking, Command Center  
  179  13:35  Marine x2  
  179  13:37  SCV  
  179  13:39  Siege Tank  
  179  13:40  Missile Turret  
  187  13:42  Refinery x2  
  187  13:44  SCV, Missile Turret  
  186  13:48  Marine  
  187  13:57  Marine x3  
  187  13:59  Planetary Fortress, Siege Tank  
  187  14:02  SCV x3  
  192  14:04  SCV  
  192  14:09  Raven  
  192  14:11  Siege Tank  
  192  14:14  Starport Tech Lab  
  192  14:15  Viking  
  192  14:16  Marine, Viking  
  200  14:23  Marine  
  185  14:25  Marine x4  
  185  14:26  Marine x2, SCV  
  185  14:28  Marine  
  170  14:31  Siege Tank  
  170  14:33  Raven  
  170  14:34  Marine  
  170  14:41  Marine  
  170  14:42  Marine x2  
  170  14:43  Marine x2, Siege Tank  
  170  14:44  Marine x2, Sensor Tower  
  168  14:52  Marine x2, Raven  
  144  14:59  Orbital Command  
  138  15:03  Siege Tank  
  141  15:09  Marine x2  
  141  15:10  Marine  
  141  15:11  Marine  
  133  15:15  Siege Tank  
  133  15:16  Marine x3, Raven  
  133  15:17  Marine x2  
  133  15:20  Viking  
  145  15:26  Marine  
  145  15:27  Marine  
  145  15:28  Marine, Viking  
  142  15:29  Marine  
  142  15:32  SCV x2  
  142  15:34  Marine x3, Raven  
  146  15:35  Siege Tank  
  146  15:38  Marine x2  
  151  15:44  Refinery, Marine x2  
  151  15:46  Refinery  
  151  15:50  Medivac  
  151  15:59  Raven  
  150  16:07  Marine x2  
  150  16:08  Marine, Planetary Fortress  
  150  16:11  Marine, Siege Tank x2  
  156  16:16  Missile Turret  
  156  16:17  Raven  
  156  16:18  SCV  
  160  16:19  Marine x2  
  160  16:20  Marine x2  
  160  16:24  Medivac  
  160  16:25  Marine, Medivac  
  169  16:28  Marine x2  
  169  16:31  Marine x2  
  173  16:37  Marine x2  
  173  16:43  Siege Tank x2  
  176  16:50  Marine x3  
  176  16:53  Orbital Command  
  179  16:59  Command Center  
  179  17:01  Marine  
  180  17:04  Raven x2  
  145  17:08  Viking x2  
  184  17:12  Missile Turret  
  184  17:15  Siege Tank  
  191  17:16  Marine x2  
  191  17:20  Marine  
  191  17:21  Marine x3  
  197  17:26  Marine x2  
  199  17:31  Terran Infantry Weapons Level 3  
  199  17:34  Refinery x2  
  199  17:35  Terran Vehicle Weapons Level 2  
  191  17:43  Viking x2  
  193  17:46  Siege Tank  
  196  17:52  Siege Tank  
  196  17:57  Raven  
  198  18:04  Viking  
  179  18:15  Marine  
  179  18:17  Marine x2  
  179  18:18  Siege Tank  
  179  18:19  Marine x3  
  163  18:20  Marine x3  
  163  18:24  Siege Tank  
  170  18:33  Marine  
  160  18:34  Viking x2  
  160  18:35  Marine x2  
  160  18:37  Marine  
  162  18:42  Marine x4  
  162  18:43  Marine  
  156  18:50  Siege Tank  
  156  18:51  Marine  
  156  18:52  Marine  
  156  18:53  Marine  
  156  18:54  Raven x2  
  156  18:55  Marine  
  165  18:57  Barracks, Siege Tank  
  165  18:58  Barracks  
  165  19:00  Marine  
  165  19:01  Marine  
  165  19:02  Marine  
  171  19:13  SCV x2  
  173  19:21  Marine x4  
  173  19:22  Marine  
  178  19:25  Marine  
  178  19:28  Marine x2  
  175  19:36  Siege Tank  
  174  19:43  Raven x2  
  169  19:49  Marine  
  169  19:51  Marine x4, Orbital Command  
  172  19:52  Marine  
  172  19:58  Planetary Fortress  
  171  20:01  SCV  
  171  20:02  SCV  
  170  20:09  Siege Tank  
  173  20:23  Marine x9  
  173  20:26  Raven  
  183  20:31  Marine x2  
  185  20:41  Marine x4  
  177  20:53  Siege Tank  
  177  20:56  Marine x2, Siege Tank  
  173  20:57  Marine x2  
  173  20:59  Marine x5  
  173  21:02  Marine x2  
  170  21:08  Viking x2  
  173  21:14  Marine  
  173  21:17  Marine x3  
  126  21:18  Marine  
  126  21:21  Marine  
  126  21:22  Marine  
  126  21:24  Marine  
Tags
 
Add a new tag
Caveats
  • Supply blocks, unpowered buildings, or Contaminate may cause inaccurate times.
  • Supply counts are checked every 10 seconds.